AoeStats
← GPA_PureViolence

Arena

510166054Analyzed
4v4 RM · 2d ago on Sep 29, 2026· 29m 34s· 8 players
Game mode
Random Map
Map size
Large (8 player)
Population
200
Speed
Normal
Resources
Standard
Victory
Conquest
Starting age
Dark Age
Ending age
Imperial Age
RankedLock teamsTeams togetherTeam positionsShared explorationLock speedFull tech treeHidden civsTurbo modeCheats
Victory
Defeat
🇮🇹 Celts · Italy
1570
+13
🇮🇹 Khmer · Italy
1544
+14
🇭🇺 Italians · Hungary
1479
+17
🇹🇷 Turks · Türkiye
1464
+18
🇹🇷 Cumans · Türkiye
1617
-20
🇹🇷 Armenians · Türkiye
1602
-19
🇹🇷 Khmer · Türkiye
1428
-12
🇹🇷 Varangians · Türkiye
1387
-11
GPA_Heimdallr
11:50 Feudal Age
12:29 Loom
16:02 Castle Age
14:15 Double-Bit Axe
14:16 Horse Collar
14:48 Gold Mining
16:03 Scale Mail Armor
16:13 Forging
16:27 Stone Mining
19:54 Squires
19:59 Gambesons
23:38 Chain Mail Armor
25:06 Iron Casting
24:58 Arson
28:14 Town Watch
GPA_PureViolence
9:41 Feudal Age
9:59 Man-at-Arms
10:40 Long Swordsman
18:41 Double-Bit Axe
19:55 Scale Mail Armor
24:24 Castle Age
23:33 Horse Collar
23:56 Fletching
24:09 Padded Archer Armor
25:25 Elite Skirmisher
26:47 Squires
27:21 Bodkin Arrow
29:00 Gambesons
GPA_PisagorAmca
11:41 Feudal Age
12:32 Double-Bit Axe
14:51 Castle Age
12:40 Horse Collar
16:13 Bow Saw
22:58 Loom
GPA_Unreal
5:54 Loom
8:24 Feudal Age
9:05 Double-Bit Axe
20:04 Horse Collar
21:50 Gold Mining
23:39 Wheelbarrow
24:36 Fletching
27:33 Castle Age
29:48 Bodkin Arrow
Bl++d
10:00 Feudal Age
12:11 Loom
14:54 Castle Age
13:28 Fletching
14:21 Horse Collar
14:58 Crossbowman
16:37 Bodkin Arrow
22:11 Padded Archer Armor
22:04 Double-Bit Axe
23:24 Ballistics
JavelinMen
9:33 Feudal Age
9:24 Loom
10:30 Double-Bit Axe
10:59 Man-at-Arms
11:45 Horse Collar
15:41 Scale Mail Armor
26:31 Wheelbarrow
29:10 Castle Age
27:20 Arson
28:05 Gold Mining
EVA | luxfma
12:25 Feudal Age
15:18 Castle Age
13:04 Double-Bit Axe
13:10 Gold Mining
13:01 Horse Collar
15:26 Bloodlines
17:44 Scale Mail Armor
17:51 Scale Barding Armor
17:49 Husbandry
20:39 Forging
22:42 Chain Barding Armor
Jayce
10:45 Feudal Age
12:08 Double-Bit Axe
14:54 Castle Age
12:44 Horse Collar
12:57 Gold Mining
12:59 Horse Collar
16:02 Bow Saw
18:06 Loom
23:58 Heavy Plow
27:06 Wheelbarrow
26:17 Town Watch
Connection lost

Rejoining the realm…

Still unreachable

The connection could not be restored.

Session expired

The server has moved on; the page needs a fresh start.